 Dungeon Crawl Stone Soup version 0.19-a0-665-g79b24d5 (webtiles) character file.

200 Musica the Skirmisher (level 5, 0/61 HPs)
             Began as an Ogre Berserker on June 16, 2016.
             Was a Believer of Trog.
             Slain by an ogre
             ... wielding a +0 giant spiked club
              (25 damage)
             ... on level 3 of the Dungeon.
             The game lasted 00:05:49 (1922 turns).

Musica the Skirmisher (Ogre Berserker)              Turns: 1922, Time: 00:05:50

Health: 0/61       AC:  4    Str: 22    XL:     5   Next: 79%
Magic:  5/5        EV: 10    Int:  6    God:    Trog [**....]
Gold:   148        SH:  0    Dex: 10    Spells: 0 memorised, 4 levels left

rFire  . . .     SeeInvis .     a - +0 mace
rCold  . . .     Gourm    .     b - +1 animal skin
rNeg   . . .     Faith    .     (no shield)
rPois  .         Spirit   .     (helmet restricted)
rElec  .         Dismiss  .     (no cloak)
rCorr  .         Reflect  .     (gloves unavailable)
SustAt .         Harm     .     (boots unavailable)
MR     .....                    (no amulet)
Stlth  +.........               (no ring)
                                (no ring)

@: not resistant to hostile enchantments, very unstealthy
A: unfitting armour, tough skin 1
a: Berserk, Trog's Hand, Burn Spellbooks, Renounce Religion


You were on level 3 of the Dungeon.
You worshipped Trog.
Trog was pleased with you.
You were not hungry.

You visited 1 branch of the dungeon, and saw 4 of its levels.

You collected 148 gold pieces.

Inventory:

Hand Weapons
 a - a +0 mace (weapon)
Missiles
 j - a throwing net (quivered)
Armour
 b - a +1 animal skin (worn)
Wands
 q - a wand of teleportation (6/9)
Scrolls
 d - 3 scrolls of identify
 e - a scroll of immolation {unknown}
 h - a scroll of amnesia
 o - a scroll of recharging {unknown}
 p - a scroll of blinking {unknown}
 r - 3 scrolls of teleportation
Potions
 g - 2 potions of curing
 k - 2 potions of cure mutation {unknown}
 m - 2 potions of heal wounds {unknown}
Comestibles
 c - a bread ration
 f - a slice of pizza
 i - 2 beef jerkies
 l - 3 meat rations
 n - 3 chunks of flesh


   Skills:
 + Level 6.6 Fighting
 + Level 6.2 Maces & Flails
 - Level 2.7 Dodging


You had 4 spell levels left.
You didn't know any spells.

Dungeon Overview and Level Annotations

Branches:
Dungeon (4/15)
 Temple: D:4-7

Altars:
Cheibriados
Dithmenos
Elyvilon
Nemelex Xobeh
Trog
Uskayaw
Vehumet


Innate Abilities, Weirdness & Mutations

You are too large for most types of armour.
You have tough skin. (AC +1)


Message History

The ogre hits you with a giant spiked club!
There is an open door, spattered with blood here.
You hit the ogre.
The ogre is lightly wounded.
The bat closely misses you.
You hit the ogre.
The ogre is lightly wounded.
The bat hits you but does no damage. The ogre barely misses you.
You barely miss the ogre.
The ogre is lightly wounded.
The bat hits you but does no damage. The ogre barely misses you.
You hit the ogre.
The ogre is moderately wounded.
The bat barely misses you.
The ogre hits you with a giant spiked club!!
You sock the ogre!
The ogre is severely wounded.
The bat hits you but does no damage.
The ogre hits you with a giant spiked club!!
You die...

#........................# #.##.
#.######.##.#####...###### #.##.
#.# #.###### ###### #.##.
#.######.###._.###._.## ##.##.
..........#.....8.....######...#.
..######.##..⌠.....⌠..#......#...
..........##....b....##.####...##
#######.### #..O..# #.......†..#
### #.# #@# #.#####....#
..#####.# #.# #.# ##.#.#
........# #. #.#####.######....
..####..# #.##...........####.#
..# #..# #.###.####.###.# #.# ..#
#..# ###.###.# #.###.####.# #.#
#..##........# #........... #.#
#..##.##.##..# ###########. #.#
#..##.##.##..# #.


You could see an ogre and a bat.

Vanquished Creatures
  The ghost of jedvagenij the Shooter, an amateur HEHu (D:3)
  A hound (D:3)
  Robin (D:3)
  An adder (D:3)
  An ooze (D:2)
  A dart slug (D:3)
  A worm (D:2)
  3 giant geckos
  8 bats
  3 giant cockroaches
  9 hobgoblins
  6 jackals (D:3)
  3 giant newts
  11 goblins
  8 kobolds
  6 rats
64 creatures vanquished.

Notes
Turn   | Place    | Note
--------------------------------------------------------------
     0 | D:1      | Musica the Ogre Berserker began the quest for the Orb.
     0 | D:1      | Reached XP level 1. HP: 24/24 MP: 1/1
    67 | D:1      | Reached XP level 2. HP: 16/32 MP: 2/2
   713 | D:1      | Reached XP level 3. HP: 41/41 MP: 3/3
   851 | D:2      | Reached skill level 5 in Fighting
   921 | D:2      | Reached ** piety under Trog
   969 | D:2      | Found a white marble altar of Elyvilon.
   972 | D:2      | Found a shadowy altar of Dithmenos.
   974 | D:2      | Found a bloodstained altar of Trog.
  1210 | D:3      | Found a radiant altar of Vehumet.
  1236 | D:3      | Noticed Robin
  1247 | D:3      | Killed Robin
  1247 | D:3      | Reached skill level 5 in Maces & Flails
  1247 | D:3      | Reached XP level 4. HP: 38/50 MP: 4/4
  1322 | D:3      | Found a snail-covered altar of Cheibriados.
  1486 | D:3      | Noticed jedvagenij's ghost (amateur HEHu)
  1496 | D:3      | Killed jedvagenij's ghost
  1496 | D:3      | Reached XP level 5. HP: 47/61 MP: 5/5
  1916 | D:3      | Found a hide-covered altar of Uskayaw.
  1916 | D:3      | Found a sparkling altar of Nemelex Xobeh.
  1916 | D:3      | Noticed an ogre
  1922 | D:3      | Slain by an ogre

Vault maps used:
D:1:      minmay_arrival_shattered_statue
D:2:      grunt_temple_overflow_open
D:3:      kennysheep_slug_shrine, gammafunk_temple_overflow_pools,
          lemuel_doored_altar, uniq_robin
D:4:      kiku_gazebo_garden_becter, minmay_temple_entry_statues, first_bread,
          minivault_5, kennysheep_generic_room_16

Skill      XL: |  1  2  3  4 |
---------------+-------------+-----
Fighting       | 5 6 |  6.6
Maces & Flails | 5 6 |  6.2
Dodging        | |  2.7

Action                   |  1- 3 |  4- 6 || total
-------------------------+-------+-------++-------
Melee: Mace              |   113 |    89 ||   202
  Use: Scroll            |     6 |       ||     6
       Potion            |       |     2 ||     2
 Stab: Sleeping          |       |     1 ||     1
  Eat: Chunk             |       |     4 ||     4
Armor: Animal skin       |    43 |    32 ||    75
       Skin              |       |     3 ||     3
Dodge: Dodged            |    54 |    40 ||    94
